 Dungeon Crawl Stone Soup version 0.18-a0-1041-gbe91bf5 (webtiles) character file.

54 Gorice the Firebug (level 3, 0/26 HPs)
             Began as a Centaur Wanderer on Jan 10, 2016.
             Slain by Natasha (8 damage)
             ... on level 3 of the Dungeon.
             The game lasted 00:15:09 (2604 turns).

Gorice the Firebug (Centaur Wanderer)               Turns: 2604, Time: 00:15:09

Health: 0/26       AC:  4    Str: 12    XL:     3   Next: 66%
Magic:  1/5        EV: 10    Int: 14    God:
Gold:   137        SH:  0    Dex:  8    Spells: 2 memorised, 3 levels left

rFire  . . .     SeeInvis .     a - +0 mace
rCold  . . .     Gourm    .     d - +0 robe
rNeg   . . .     Faith    .     (no shield)
rPois  .         Spirit   .     (no helmet)
rElec  .         Dismiss  .     (no cloak)
rCorr  +         Reflect  .     (no gloves)
SustAt .         Harm     .     (no barding)
MR     .....                    (no amulet)
Stlth  +.........               (no ring)
                                o - ring of resist corrosion

@: very slightly contaminated, very quick, not resistant to hostile
enchantments, very unstealthy
A: hooves 3, deformed body, speed 2, tough skin 3
a: no special abilities


You were on level 3 of the Dungeon.
You were not hungry.

You visited 1 branch of the dungeon, and saw 3 of its levels.

You collected 137 gold pieces.

Inventory:

Hand Weapons
 a - a +0 mace (weapon)
 e - a +0 hunting sling
 m - a +1 dagger of speed
   (You found it on level 1 of the Dungeon)
Missiles
 p - 16 sling bullets of frost
 q - 39 arrows
 s - 22 sling bullets
 v - 14 poisoned needles
 Z - 24 stones (quivered)
Armour
 d - a +0 robe (worn)
 j - a +0 ring mail
Jewellery
 o - a ring of resist corrosion (left hand)
 r - an uncursed ring of ice
Scrolls
 h - 4 scrolls of remove curse
 u - a scroll of blinking
Potions
 c - a potion of curing
 t - a potion of poison {unknown}
Books
 b - the Reference Book on Venom

   Spells                             Type                      Level
   a - Sting                          Conjuration/Poison           1
   b - Spider Form                    Transmutation/Poison         3
 l - a book of Flames
Comestibles
 f - 2 bread rations {!e}
 g - a beef jerky
 k - 2 meat rations {!e}
 n - 5 chunks of flesh


   Skills:
 - Level 2.1 Dodging
 - Level 1.0 Stealth
   Level 1.0 Shields
 + Level 1.8 Spellcasting
 + Level 1.6 Conjurations
 - Level 2.6 Fire Magic
 - Level 1.5 Poison Magic


You had 3 spell levels left.
You knew the following spells:

 Your Spells              Type           Power        Failure   Level  Hunger
a - Sting                 Conj/Pois      #...         14%         1    ##.....
b - Flame Tongue          Conj/Fire      #....        12%         1    ##.....


Dungeon Overview and Level Annotations

Branches:
Dungeon (3/15)

Altars:
The Shining One

Annotations:
D:3 Natasha


Innate Abilities, Weirdness & Mutations

You have hooves in place of feet.
Armour fits poorly on your strangely shaped body.
You cover ground very quickly.
You have extremely tough skin (AC +3).


Message History

The sting hits Natasha.
Natasha appears unharmed.
Casting: Sting
Confirm with . or Enter, or press ? or * to list all spells.
Aiming: Sting
Press: ? - help, Shift-Dir - straight line, f/p - Natasha
Aim: Natasha The sting hits Natasha.
Natasha is poisoned.
Natasha is lightly wounded.
Natasha stares at you and mumbles some strange words.
The magic dart hits you!
Damage: 3 (max 3)
You barely miss Natasha.
Natasha is lightly wounded.
Natasha barely misses you. x2
You closely miss Natasha.
Natasha is moderately wounded.
Natasha claws you but does no damage.
You barely miss Natasha.
Natasha is moderately wounded.
Natasha claws you but does no damage. Natasha claws you!
Damage: 9 (max 9)
You barely miss Natasha.
Natasha is moderately wounded.
Natasha looks more healthy.
Natasha claws you but does no damage.
There is a stone staircase leading up here.
Casting: Sting
Confirm with . or Enter, or press ? or * to list all spells.
Aiming: Sting
Press: ? - help, Shift-Dir - straight line, f/p - Natasha
Aim: Natasha (heavily wounded)
The sting hits Natasha.
Natasha is poisoned.
Natasha is heavily wounded.
Natasha barely misses you.
You barely miss Natasha.
Natasha is heavily wounded.
Natasha howls an incantation.
You feel troubled. Natasha closely misses you.
You hit Natasha.
Natasha is severely wounded.
Natasha mewls in sadness.
Natasha claws you but does no damage.
You hit Natasha.
Natasha is almost dead.
Natasha claws you! Natasha barely misses you.
Damage: 7 (max 9)
You barely miss Natasha.
Natasha is almost dead.
Natasha claws you!
You die...

#.. . #
#..#####. .##
#......##..#
##......#...#...
.........$......
#.......##.##...
.........# .#
.......h## ..
..##...@# .. #
#....# .. #....#
. ######


You could see Natasha.

Vanquished Creatures
  An adder (D:2)
  2 giant geckos
  9 bats
  2 giant cockroaches (D:1)
  4 goblins
  6 hobgoblins
  2 jackals (D:1)
  2 ball pythons
  2 giant newts
  8 kobolds
  4 rats
42 creatures vanquished.

Notes
Turn   | Place    | Note
--------------------------------------------------------------
     0 | D:1      | Gorice the Centaur Wanderer began the quest for the Orb.
     0 | D:1      | Gorice set off with: a book of Flames, the Reference Book on Venom, a potion of curing, a +0 robe, a +0 club, a bread ration {!e}
     0 | D:1      | Reached XP level 1. HP: 14/14 MP: 1/1
     0 | D:1      | Identified the Reference Book on Venom
   388 | D:1      | Reached skill level 1 in Spellcasting
   629 | D:1      | Learned a level 1 spell: Sting
   631 | D:1      | Learned a level 1 spell: Flame Tongue
   690 | D:1      | Reached XP level 2. HP: 20/20 MP: 0/3
  1696 | D:2      | Reached XP level 3. HP: 26/26 MP: 2/5
  1711 | D:2      | Reached skill level 1 in Conjurations
  2296 | D:2      | Found a glowing golden altar of the Shining One.
  2587 | D:3      | Noticed Natasha
  2604 | D:3      | Slain by Natasha

Vault maps used:
D:1:      lemuel_arrival_behind_the_door_small, serial_forest,
          infiniplex_forest_zigzag_2, infiniplex_forest_clump_diagonal,
          infiniplex_forest_clump_small, infiniplex_forest_lined_1,
          infiniplex_forest_join, infiniplex_forest_clump_long,
          infiniplex_forest_end_2, infiniplex_forest_corner_1,
          infiniplex_forest_straight_3
D:2:      minivault_11, tso_altar
D:3:      kennysheep_doodads, st_stairs_5, small_statue_alley_b, uniq_natasha,
          uniq_crazy_yiuf_cottage

Action                   || total
-------------------------++-------
Melee: Club              ||    49
       Mace              ||    34
Throw: Stone             ||     5
 Cast: Sting             ||    60
  Use: Scroll            ||     6
  Eat: Chunk             ||     6

Table legend:
 A = Turns spent in this place as a percentage of turns spent in the entire game.
 B = Non-inter-level travel turns spent in this place as a percentage of non-inter-level travel turns spent in the entire game.
 C = Inter-level travel turns spent in this place as a percentage of turns spent in this place.
 D = Turns resting spent in this place as a percentage of non-inter-level travel turns spent in this place.
 E = Turns spent auto-exploring this place as a percentage of non-inter-level travel turns spent in this place.
 F = Non-inter-level travel turns spent in this place divided by the number of levels of this place that you've seen.
                   A       B       C       D       E      F
               +-------+-------+-------+-------+-------+----------------------
         Total | 100.0 | 100.0 |   0.5 |   4.4 |   3.8 | 343.0
       Dungeon | 100.0 | 100.0 |   0.5 |   4.4 |   3.8 | 343.0
               +-------+-------+-------+-------+-------+----------------------

Vault maps used:
D:1:      lemuel_arrival_behind_the_door_small, serial_forest,
          infiniplex_forest_zigzag_2, infiniplex_forest_clump_diagonal,
          infiniplex_forest_clump_small, infiniplex_forest_lined_1,
          infiniplex_forest_join, infiniplex_forest_clump_long,
          infiniplex_forest_end_2, infiniplex_forest_corner_1,
          infiniplex_forest_straight_3
D:2:      minivault_11, tso_altar
D:3:      kennysheep_doodads, st_stairs_5, small_statue_alley_b, uniq_natasha,
          uniq_crazy_yiuf_cottage
